 Dungeon Crawl Stone Soup version 0.26-a0-547-g695e311587 (webtiles) character file.

Game seed: 14844004207090303000

10 ANON1729 the Vexing (level 2, -1/16 HPs)
             Began as a Deep Elf Arcane Marksman on Aug 20, 2020.
             Slain by a frilled lizard (3 damage)
             ... on level 1 of the Dungeon.
             The game lasted 00:01:09 (265 turns).

ANON1729 the Vexing (Deep Elf Arcane Marksman)       Turns: 265, Time: 00:01:09

Health: -1/16      AC:  2    Str: 13    XL:     2   Next: 10%
Magic:  6/6        EV: 13    Int: 17    God:
Gold:   40         SH:  0    Dex: 15    Spells: 3/4 levels left

rFire    . . .     SeeInvis .   a - +0 shortbow
rCold    . . .     Faith    .   (shield currently unavailable)
rNeg     . . .     Spirit   .   e - +0 robe
rPois    .         Reflect  .   (no helmet)
rElec    .         Harm     .   (no cloak)
rCorr    .                      (no gloves)
MR       .....                  (no boots)
Stlth    +.........             (no amulet)
HPRegen  0.05/turn              c - +6 ring of strength
MPRegen  0.10/turn              (no ring)

@: no status effects
A: no striking features
a: no special abilities


You were on level 1 of the Dungeon.
You visited 1 branch of the dungeon, and saw 1 of its levels.

You collected 40 gold pieces.

Inventory:

Hand Weapons
 a - a +0 shortbow (weapon)
 b - a +0 dagger
Missiles
 d - 11 arrows (quivered)
Armour
 e - a +0 robe (worn)
Jewellery
 c - a +6 ring of strength (left hand)
Scrolls
 f - a scroll of magic mapping {unknown}


   Skills:
 + Level 1.0 Fighting
 * Level 3.0 Bows
 + Level 2.6 Dodging
 + Level 1.7 Spellcasting
 * Level 4.3 Hexes


You had 3 spell levels left.
You knew the following spells:

 Your Spells              Type           Power        Failure   Level
a - Corona                Hex            ###....      3%          1

Your spell library contained the following spells:

 Spells                   Type           Power        Failure   Level
 Slow                     Hex            ###.....     4%          2
 Inner Flame              Hex/Fire       #.......     24%         3
 Portal Projectile        Hex/Tloc       #.....       24%         3
 Cause Fear               Hex            ###.......   32%         4
 Leda's Liquefaction      Hex/Erth       #.........   63%         4


Dungeon Overview and Level Annotations

Branches:
Dungeon (1/15)

Altars:


Message History

Press: ? - help, Shift-Dir - straight line, f/p - frilled lizard
Aim: a frilled lizard You shoot an arrow.
The arrow misses the frilled lizard.
The frilled lizard bites you but does no damage.
Firing (i - inventory)
d - 13 arrows (quivered)
Press: ? - help, Shift-Dir - straight line, f/p - frilled lizard
Aim: a frilled lizard You shoot an arrow.
The arrow barely misses the frilled lizard.
The frilled lizard misses you.
Firing (i - inventory)
d - 12 arrows (quivered)
Press: ? - help, Shift-Dir - straight line, f/p - frilled lizard
Aim: a frilled lizard You shoot an arrow.
The arrow closely misses the frilled lizard.
The frilled lizard hisses.
The frilled lizard bites you.
* * * LOW HITPOINT WARNING * * *
The frilled lizard bites you.
You die...

###### #.#..# #.# .#.#
#....# #.#.## #.###...#
#....# ##...# #........
#....# #...## ##........
#...†# #..## #.........
#....###.[# ####.........
#.....†.>.# #............
#....##..####............
##....##.[.@l()...(.......
#.....#....###....^.......
#..........# #..........#.
#..##'##...# #.........##
#..#...#..## #.........#
#..#.⌠.#..# ###########
##.#...#..# #.##'##..#
#........#


You could see a frilled lizard.

Vanquished Creatures
  A giant cockroach (D:1)
  A hobgoblin (D:1)
  4 bats (D:1)
  A frilled lizard (D:1)
  2 kobolds (D:1)
  A rat (D:1)
10 creatures vanquished.

Notes
Turn   | Place    | Note
-------+----------+-------------------------------------------
     0 | D:1      | ANON1729 the Deep Elf Arcane Marksman began the quest for
                  | the Orb.
     0 | D:1      | Reached XP level 1. HP: 11/11 MP: 5/5
   236 | D:1      | Reached skill level 1 in Fighting
   258 | D:1      | Reached XP level 2. HP: 3/16 MP: 6/6
   265 | D:1      | Slain by a frilled lizard

Illustrated notes

Levels and vault maps discovered:
D:1:      wander_arrival_desolate, layout_rooms, minmay_misc_feat_room,
          hangedman_abyss_or_decor_stabs

Skill      XL: |  1 |
---------------+----+-----
Fighting       | 1 |  1.0
Bows           | 3 |  3.0
Dodging        | |  2.6
Spellcasting   | |  1.7
Hexes          | |  4.3

Action                   || total
-------------------------++-------
Melee: Dagger            ||    34
 Fire: Shortbow          ||    10
Armor: Robe              ||    19
Dodge: Dodged            ||    35

Table legend: (Time is in decaauts)
 A = Elapsed time spent in this place.
 B = Non-inter-level travel time spent in this place.
 C = Inter-level travel time spent in this place.
 D = Time resting spent in this place.
 E = Time spent auto-exploring this place.
 F = Levels seen in this place.
 G = Mean time per level.
                   A        B        C        D        E       F      G
               +--------+--------+--------+--------+--------+-----+--------+
         Total |    264 |    264 |      0 |    131 |     40 |   1 |  264.0 |
       Dungeon |    264 |    264 |      0 |    131 |     40 |   1 |  264.0 |
               +--------+--------+--------+--------+--------+-----+--------+

Top non-repeatable levels by time:
     D:1: 264 daAuts
